 Dungeon Crawl Stone Soup version 0.29.1-13-g9f3cf754e1 (webtiles) character file.

Game seed: 16455704467743907109

46 growler the Changer (level 3, 0/29 HPs)
             Began as a Demonspawn Wanderer on Feb 3, 2023.
             Slain by a jackal (1 damage)
             ... on level 2 of the Dungeon.
             The game lasted 00:02:54 (1803 turns).

growler the Changer (Demonspawn Wanderer)           Turns: 1803, Time: 00:02:54

Health: 0/29       AC:  5    Str: 15    XL:     3   Next: 44%
Magic:  4/4        EV: 11    Int: 13    God:
Gold:   101        SH:  0    Dex: 11    Spells: 3/4 levels left

rFire   . . .      SeeInvis .   q - +1 dagger (venom)
rCold   . . .      Faith    .   (no shield)
rNeg    . . .      Spirit   .   e - +0 robe
rPois   .          Reflect  .   (no helmet)
rElec   .          Harm     .   g - scarf {+Inv}
rCorr   +          Rampage  .   (no gloves)
Will    .....                   h - +2 pair of boots {Fly}
Stlth   +.........              (no amulet)
HPRegen 0.09/turn               k - ring of resist corrosion
MPRegen 0.09/turn               (no ring)

@: flying
A: powered by pain 1
a: Evoke Invisibility


You were on level 2 of the Dungeon.
You visited 1 branch of the dungeon, and saw 2 of its levels.

You collected 101 gold pieces.

Inventory:

Hand Weapons
 a - a +0 short sword
 c - a +0 dagger
 q - a +1 dagger of venom (weapon)
Missiles
 b - 15 poisoned darts (quivered)
Armour
 e - a +0 robe (worn)
 g - a scarf of invisibility (worn)
 h - a +2 pair of boots of flying (worn)
Jewellery
 k - a ring of resist corrosion (left hand)
Scrolls
 f - a scroll of magic mapping {unknown}
 i - 2 scrolls of teleportation {unknown}
 n - a scroll of enchant armour {unknown}
 o - a scroll of blinking {unknown}
 p - a scroll of identify {unknown}
Potions
 d - a potion of might
 j - a potion of invisibility {unknown}
 l - a potion of heal wounds {unknown}
 m - a potion of cancellation {unknown}


   Skills:
 + Level 3.4 Fighting
 - Level 1.0 Short Blades
 - Level 2.6 Throwing
 - Level 1.0 Spellcasting
 - Level 3.6 Transmutations


You had 3 spell levels left.
You knew the following spells:

 Your Spells              Type           Power      Damage    Failure   Level
a - Beastly Appendage     Tmut           20%        N/A       6%          1

Your spell library contained the following spells:

 Spells                   Type           Power      Damage    Failure   Level
 Wereblood                Tmut           10%        N/A       10%         2
 Spider Form              Tmut/Pois      5%         N/A       38%         3


Dungeon Overview and Level Annotations

Branches:
Dungeon (2/15)

Altars:

Shops:
D:1 ?[*!


Innate Abilities, Weirdness & Mutations

You sometimes gain a little power by taking damage.


Message History

You see here a +1 dagger of venom.
q - a +1 dagger of venom You feel sick.
Your +1 dagger of venom begins to drip with poison!
q - a +1 dagger of venom (weapon)
You feel sick. The jackal bites you.
* * * LOW HITPOINT WARNING * * *
You feel sick.
You are no longer poisoned.
You hit the jackal.
The jackal is almost dead.
The jackal completely misses you. The jackal bites you.
* * * LOW HITPOINT WARNING * * *
You hit the jackal.
You kill the jackal!
The jackal bites you.
* * * LOW HITPOINT WARNING * * *
You closely miss the jackal.
The jackal bites you but does no damage.
You hit the jackal.
The jackal is poisoned.
The jackal is moderately wounded.
The jackal bites you but does no damage.
You hit the jackal but do no damage.
The jackal is severely wounded.
The jackal bites you but does no damage.
You hit the jackal but do no damage.
The jackal looks as sick as possible!
The jackal is severely wounded.
The jackal bites you.
* * * LOW HITPOINT WARNING * * *
The jackal closely misses you.
A kobold comes into view. It is wielding a +0 club.
The jackal closely misses you.
You kill the jackal!
The jackal barely misses you.
You hit the jackal but do no damage.
The jackal is poisoned.
The jackal bites you.
* * * LOW HITPOINT WARNING * * *
The jackal barely misses you. The jackal bites you.
You die...

#### ######### #... #.......#
#... #.......## #...
#........## #... #..##
#.........###... ....
#######......PP...)..(
#...####...h@>......♣....#...
#........########....PP...)..
##..####....# ###..........
.h.#....##.########.......<..
#.#.#####...##...(......####
#†..##...##.##.....####.#
#...........#.##....## #...
#....................# ####
#..............##.....##


You could see a jackal (very poisoned).

Vanquished Creatures
  An adder (D:2)
  A dart slug (D:1)
  2 ball pythons
  2 endoplasms (D:1)
  2 giant cockroaches (D:1)
  A goblin (D:1)
  2 hobgoblins
  8 jackals
  2 quokkas
  4 bats
  A frilled lizard (D:1)
  3 kobolds (D:2)
  3 rats
32 creatures vanquished.

Notes
Turn   | Place    | Note
-------+----------+-------------------------------------------
     0 | D:1      | growler the Demonspawn Wanderer began the quest for the
                  | Orb.
     0 | D:1      | growler set off with the following items: a +0 short sword,
                  | 13 poisoned darts, a +0 dagger, a potion of might, a +0
                  | robe; and the following spell memorised: Beastly Appendage;
                  | and the following spells available to memorise: Wereblood,
                  | Spider Form.
     0 | D:1      | Reached XP level 1. HP: 15/15 MP: 2/2
   221 | D:1      | Found Ceuq's Armour Shop.
   323 | D:1      | Gained mutation: You sometimes gain a little power by
                  | taking damage. [demonic ancestry]
   323 | D:1      | Reached XP level 2. HP: 14/22 MP: 3/3
   553 | D:1      | Found Yppuwunu's Magic Scroll Shoppe.
   692 | D:1      | Found Fialukhu's General Store.
   724 | D:1      | Found Xidistruyro's Distillery.
  1174 | D:2      | Reached XP level 3. HP: 25/29 MP: 4/4
  1801 | D:2      | HP: 1/29 [jackal (3)]
  1803 | D:2      | Slain by a jackal

Illustrated notes

Levels and vault maps discovered:
D:1:      minmay_arrival_up_and_down, layout_rooms, serial_shops,
          nicolae_shop_statue_plus, shop, nicolae_square_shop, shop_statue,
          minmay_misc_feat_roman
D:2:      layout_rooms, serial_park_tiny_2

Skill      XL: |  1  2 |
---------------+-------+-----
Fighting       | 2 3 |  3.4
Short Blades   | |  1.0
Throwing       | |  2.6
Spellcasting   | |  1.0
Transmutations | |  3.6

Action                   || total
-------------------------++-------
Melee: Short sword       ||   140
       Dagger            ||     7
 Stab: Sleeping          ||     1
Armor: Robe              ||    40
Dodge: Dodged            ||    81
